AoeStats
← Hitman88

Coastal Forest

510598740Analyzed
4v4 RM · 19h ago on Oct 1, 2026· 59m 2s· 8 players
Game mode
Random Map
Map size
Large (8 player)
Population
200
Speed
Normal
Resources
Standard
Victory
Conquest
Starting age
Dark Age
Ending age
Imperial Age
RankedLock teamsTeams togetherTeam positionsShared explorationLock speedFull tech treeHidden civsTurbo modeCheats
Victory
Defeat
🇨🇳 Mongols · China
861
+15
🇺🇸 Turks · United States
841
+16
🇺🇸 Turks · United States
812
+17
🇹🇷 Franks · Türkiye
796
+18
🇧🇷 Mongols · Brazil
877
-18
🇧🇷 Khmer · Brazil
835
-16
🇧🇷 Saxons · Brazil
834
-16
🇧🇷 Bohemians · Brazil
827
-16
Mikro
11:36 Feudal Age
16:49 Castle Age
14:36 Double-Bit Axe
14:32 Horse Collar
15:30 Stone Mining
18:24 Wheelbarrow
18:01 Bow Saw
18:19 Heavy Plow
24:59 Gold Mining
26:45 Gold Shaft Mining
26:34 Hand Cart
28:47 Arson
29:03 Squires
28:48 Gambesons
30:34 Redemption
30:45 Sanctity
30:26 Atonement
33:14 Imperial Age
30:29 Loom
30:30 Town Watch
30:57 Forging
30:47 Scale Mail Armor
30:37 Fletching
31:00 Masonry
32:40 Iron Casting
31:31 Clerical Recruitment
32:42 Town Patrol
33:48 Caravan
35:28 Two-Man Saw
34:59 Crop Rotation
35:01 Architecture
34:43 Fortified Wall
35:04 Architecture
34:58 Ballistics
35:38 Chemistry
34:23 Arrowslits
34:34 Murder Holes
34:52 Capped Ram
35:53 Chain Mail Armor
35:33 Bodkin Arrow
35:21 Treadmill Crane
35:47 Siege Engineers
36:32 Guilds
37:08 Siege Ram
38:26 Conscription
37:28 Shield Wall
37:29 Elite Hearth Troop
38:44 Hoardings
38:46 Plate Mail Armor
38:16 Bracer
39:20 Illumination
39:11 Block Printing
39:31 Theocracy
40:10 Bracer
Sardinha
13:20 Feudal Age
16:23 Castle Age
14:08 Horse Collar
14:16 Double-Bit Axe
15:59 Wheelbarrow
15:52 Stone Mining
17:47 Heavy Plow
18:00 Bow Saw
18:30 Stone Shaft Mining
17:48 Gold Mining
26:17 Gold Shaft Mining
33:28 Imperial Age
31:14 Hand Cart
30:46 Loom
30:47 Town Watch
33:30 Town Patrol
33:37 Caravan
34:02 Elite Ballista Elephant
35:04 Conscription
35:50 Tusk Swords
35:52 Double Crossbow
35:57 Murder Holes
37:03 Chemistry
36:09 Siege Engineers
36:24 Ballistics
36:15 Fortified Wall
36:18 Forging
36:01 Fletching
36:12 Padded Archer Armor
36:18 Scale Barding Armor
36:57 Light Cavalry
37:47 Hussar
38:39 Bloodlines
46:38 Iron Casting
45:58 Bodkin Arrow
46:19 Leather Archer Armor
47:05 Demolition Ship
joaovlogs
10:29 Loom
12:33 Feudal Age
17:25 Castle Age
18:00 Double-Bit Axe
24:37 Wheelbarrow
25:22 Caravan
26:05 Hand Cart
32:54 Imperial Age
31:21 Squires
32:45 Chemistry
32:42 Bow Saw
34:45 Two-Man Saw
34:34 Conscription
34:47 Fishing Lines
35:01 Town Watch
35:57 Town Patrol
36:08 Horse Collar
37:32 Guilds
37:52 Coinage
38:09 Ballistics
37:23 Houfnice
38:21 Masonry
38:25 Forging
39:27 Gillnets
39:05 Demolition Ship
39:06 Elite Cannon Galleon
39:58 Medium Warships
40:24 Wagenburg Tactics
41:28 Iron Casting
42:48 Banking
42:53 Siphons
42:59 Clinker Construction
42:59 Careening
43:21 Architecture
42:58 Elite Skirmisher
42:58 Crossbowman
43:47 Padded Archer Armor
43:38 Fletching
43:36 Arbalester
44:33 Man-at-Arms
44:33 Pikeman
44:59 Arson
48:03 Bombard Tower
48:34 Arrowslits
48:40 Guard Tower
51:26 Keep
51:02 Fortified Wall
53:36 Siege Engineers
53:26 Murder Holes
54:31 Long Swordsman
54:32 Halberdier
55:57 Incendiaries
Sapo Chifrudo
6:43 Loom
10:06 Feudal Age
13:11 Double-Bit Axe
13:31 Horse Collar
16:15 Wheelbarrow
16:08 Scale Barding Armor
22:18 Castle Age
21:22 Forging
21:33 Fletching
24:12 Bloodlines
24:03 Husbandry
23:25 Light Cavalry
25:34 Iron Casting
34:21 Imperial Age
35:45 Bodkin Arrow
36:12 Chain Barding Armor
36:53 Blast Furnace
37:11 Conscription
37:31 Caravan
37:24 Onager
39:49 Siege Onager
41:31 Elite Mangudai
44:46 Bracer
44:47 Padded Archer Armor
46:00 Drill
45:19 Heavy Scorpion
45:43 Hussar
47:34 Leather Archer Armor
51:17 Scale Mail Armor
53:24 Ballistics
54:07 Chemistry
56:25 Chain Mail Armor
56:03 Arson
56:29 Nomads
57:14 Hoardings
57:48 Coinage
MousePuddles
0:32 Loom
13:27 Feudal Age
14:03 Double-Bit Axe
14:01 Horse Collar
19:34 Fletching
19:44 Padded Archer Armor
23:08 Castle Age
23:10 Forging
25:00 Bloodlines
24:51 Husbandry
28:32 Caravan
35:19 Iron Casting
34:50 Scale Barding Armor
34:42 Bodkin Arrow
40:12 Imperial Age
38:39 Bow Saw
41:29 Chain Barding Armor
41:47 Heavy Camel Rider
45:09 Plate Barding Armor
45:36 Blast Furnace
Hitman88
9:32 Loom
13:36 Feudal Age
20:10 Castle Age
19:07 Double-Bit Axe
19:15 Stone Mining
24:45 Gold Mining
29:43 Gold Shaft Mining
32:43 Treadmill Crane
37:29 Imperial Age
35:56 Husbandry
38:05 Elite Janissary
38:52 Artillery
40:38 Ballistics
41:14 Elite Cannon Galleon
43:50 Heavy Camel Rider
49:04 Conscription
50:05 Caravan
asuna
7:35 Loom
11:16 Feudal Age
16:12 Castle Age
14:15 Double-Bit Axe
25:13 Wheelbarrow
31:07 Imperial Age
29:56 Hand Cart
29:27 Town Watch
29:54 Husbandry
31:14 Bow Saw
31:22 Cavalier
32:30 Gold Mining
32:30 Stone Mining
32:49 Scale Barding Armor
32:54 Forging
35:06 Town Patrol
35:35 Chain Barding Armor
35:50 Iron Casting
36:54 Gold Shaft Mining
35:46 Paladin
38:39 Plate Barding Armor
39:04 Blast Furnace
38:43 Caravan
39:20 Onager
43:48 Light Cavalry
52:03 Coinage
枯萎一直在
12:20 Feudal Age
10:42 Loom
13:25 Double-Bit Axe
16:11 Castle Age
14:08 Horse Collar
17:00 Loom
19:21 Bow Saw
21:09 Wheelbarrow
24:00 Stone Mining
25:24 Stone Shaft Mining
24:39 Fishing Lines
25:52 Hand Cart
25:35 Gold Mining
25:56 Gillnets
28:46 Heavy Plow
31:59 Imperial Age
29:27 Fletching
29:40 Padded Archer Armor
30:26 Bodkin Arrow
32:07 Gold Shaft Mining
32:47 Thumb Ring
33:05 Conscription
35:18 Chemistry
35:23 Elite Mangudai
36:25 Leather Archer Armor
36:22 Forging
36:31 Town Watch
37:14 Parthian Tactics
37:02 Bloodlines
38:21 Nomads
38:37 Town Patrol
38:45 Bracer
39:20 Iron Casting
38:51 Scale Barding Armor
40:43 Caravan
41:57 Blast Furnace
41:05 Husbandry
42:01 Chain Barding Armor
42:13 Ballistics
42:06 Masonry
43:04 Scale Mail Armor
Connection lost

Rejoining the realm…

Still unreachable

The connection could not be restored.

Session expired

The server has moved on; the page needs a fresh start.